 Dungeon Crawl Stone Soup version 0.20.1-1-g8b1a95d (webtiles) character file.

3467 renl the Carver (level 10, -1/79 HPs)
             Began as a Formicid Fighter on July 19, 2017.
             Was an Initiate of Qazlal.
             Slain by a two-headed ogre
             ... wielding a +0 giant club
              (24 damage)
             ... on level 9 of the Dungeon.
             The game lasted 00:27:27 (7245 turns).

renl the Carver (Formicid Fighter)                  Turns: 7245, Time: 00:27:27

Health: -1/79      AC: 13    Str: 30    XL:     10   Next: 27%
Magic:  11/11      EV:  8    Int:  7    God:    Qazlal [......]
Gold:   463        SH: 12    Dex: 10    Spells: 9/9 levels left

rFire    . . .     SeeInvis +   a - +0 long sword
rCold    . . .     Gourm    .   c - +0 shield
rNeg     . . .     Faith    +   t - +0 chain mail
rPois    .         Spirit   .   (helmet unavailable)
rElec    .         Reflect  .   e - +0 cloak
rCorr    .         Harm     .   r - +0 pair of gloves
MR       +....                  p - +0 pair of boots
Stlth    ..........             l - amulet of faith
Regen    0.3/turn               (no ring)
MPRegen  0.2/turn               (no ring)

@: mighty
A: permanent stasis, dig shafts and tunnels, four strong arms, antennae 3
a: Dig, Shaft Self, Renounce Religion


You were on level 9 of the Dungeon.
You worshipped Qazlal.
Qazlal was noncommittal.
You were not hungry.

You visited 2 branches of the dungeon, and saw 10 of its levels.

You collected 463 gold pieces.

Inventory:

Hand Weapons
 a - a +0 long sword (weapon)
Armour
 c - a +0 shield (worn)
 e - a +0 cloak (worn)
 p - a +0 pair of boots (worn)
 r - a +0 pair of gloves (worn)
 t - a +0 chain mail (worn)
Jewellery
 l - an amulet of faith (around neck)
Wands
 C - a wand of iceblast (5/15)
 F - a wand of iceblast (4/15)
 J - a wand of disintegration (13/24)
 L - a wand of enslavement (6/24)
Scrolls
 j - a scroll of immolation {unknown}
 k - 3 scrolls of magic mapping {unknown}
 m - 5 scrolls of teleportation {unknown}
 v - 7 scrolls of identify {unknown}
 x - 3 scrolls of recharging {unknown}
 A - a scroll of amnesia {unknown}
 H - 2 scrolls of remove curse {unknown}
 I - a scroll of fog {unknown}
Potions
 d - 4 potions of might
 g - 3 potions of berserk rage {unknown}
 h - a potion of degeneration {unknown}
 i - a potion of agility {unknown}
 o - 5 potions of heal wounds {unknown}
 q - 3 potions of ambrosia {unknown}
 s - a potion of brilliance {unknown}
 w - a potion of magic {unknown}
 z - a potion of flight {unknown}
 G - 3 potions of lignification {unknown}
Books
 y - a book of Maledictions

   Spells                             Type                      Level
   a - Corona                         Hexes                        1
   b - Ensorcelled Hibernation        Hexes/Ice                    2
   c - Confuse                        Hexes                        3
   d - Tukima's Dance                 Hexes                        3
   e - Dazzling Spray                 Conjuration/Hexes            3
 B - a book of Necromancy

   Spells                             Type                      Level
   a - Pain                           Necromancy                   1
   b - Animate Skeleton               Necromancy                   1
   c - Vampiric Draining              Necromancy                   3
   d - Regeneration                   Charms/Necromancy            3
   e - Animate Dead                   Necromancy                   4
   f - Control Undead                 Necromancy                   4
 E - a book of Summonings

   Spells                             Type                      Level
   a - Recall                         Summoning/Translocation      3
   b - Aura of Abjuration             Summoning                    5
   c - Summon Demon                   Summoning                    5
   d - Summon Forest                  Summoning/Translocation      5
   e - Summon Mana Viper              Hexes/Summoning              5
   f - Shadow Creatures               Summoning                    6
Miscellaneous
 D - a phantom mirror
Comestibles
 b - 4 fruits
 f - 10 bread rations
 n - 2 meat rations
 u - 8 royal jellies
 K - 4 chunks of flesh


   Skills:
 * Level 7.6 Fighting
 * Level 10.4 Long Blades
 + Level 5.5 Armour
 + Level 7.6 Shields
 * Level 2.2 Invocations


You had 9 spell levels left.
You didn't know any spells.

Dungeon Overview and Level Annotations

Branches:
Dungeon (9/15)             Temple (1/1) D:7
   Lair: D:8-11         Orc: D:9-12

Altars:
Ashenzari
Cheibriados
Dithmenos
Elyvilon
Fedhas
Gozag
Hepliaklqana
Kikubaaqudgha
Makhleb
Nemelex Xobeh
Okawaru
Qazlal
Ru
Sif Muna
Trog
Uskayaw
Vehumet
Xom
Yredelemnul
Zin
The Shining One

Shops:
D:7 (


Innate Abilities, Weirdness & Mutations

You cannot be hasted, slowed, berserked, paralysed or teleported.
You can dig through walls and to a lower floor.
Your four strong arms can wield two-handed weapons with a shield.
You have a pair of large antennae on your head. (SInv)


Message History

The two-headed ogre is moderately wounded.
The two-headed ogre barely misses you.
You hit the two-headed ogre but do no damage.
The two-headed ogre is moderately wounded.
You block the two-headed ogre's attack. x2
You hit the two-headed ogre.
The two-headed ogre is heavily wounded. 2 wolves come into view.
The wolf howls! x2
You hit the two-headed ogre.
The two-headed ogre is heavily wounded.
The two-headed ogre hits you with a giant club!
The two-headed ogre hits you with a giant club!!
* * * LOW HITPOINT WARNING * * *
Okay, then.
Unknown command.
You feel very mighty all of a sudden. The two-headed ogre barely misses you.
The two-headed ogre hits you with a giant club!!
You die...

..........
..........#
.........#
........###.
#........... ..
#...........
....###...........
.........###......
........SO@#l.....
.........###....##
.............h..##
................##
..............h...
##...###..........
#...###.....>....
#...###.......5..


You could see a two-headed ogre, 2 wolves, an iguana, a crimson imp (wandering)
and an adder.

Vanquished Creatures
  Pikel (D:8)
  The ghost of renl the Shield-Bearer, a novice FoFi (D:4)
  A hippogriff (D:7)
  A spriggan (D:8)
  A wyvern (D:8)
  Duvessa (D:7)
  A sky beast (D:5)
  2 slaves (D:8)
  2 ogres
  3 centaurs
  4 bullfrogs
  Dowan (D:7)
  2 scorpions
  2 howler monkeys
  A centaur zombie (D:5)
  2 crimson imps
  3 quasits (D:7)
  A hound (D:4)
  An orc priest (D:4)
  A gnoll shaman (D:5)
  An iron imp (D:7)
  A jelly (D:4)
  5 orc wizards
  A centaur skeleton (D:7)
  An iguana (D:7)
  6 worker ants
  14 adders
  7 gnolls
  3 shadow imps
  An ooze (D:6)
  An adder zombie (D:7)
  5 dart slugs
  10 leopard geckos
  19 orcs
  2 ball pythons
  5 bats
  8 giant cockroaches
  6 goblins
  10 hobgoblins
  16 jackals
  8 kobolds
  2 quokkas
  4 frilled lizards
  2 goblin zombies (D:7)
  A hobgoblin zombie (D:7)
  A kobold skeleton (D:7)
  A kobold zombie (D:7)
  2 orc skeletons (D:7)
  2 orc zombies (D:7)
  5 rats
182 creatures vanquished.

Notes
Turn   | Place    | Note
-------+----------+-------------------------------------------
     0 | D:1      | renl the Formicid Fighter began the quest for the Orb.
     0 | D:1      | Reached XP level 1. HP: 18/18 MP: 1/1
   108 | D:1      | Reached XP level 2. HP: 20/24 MP: 2/2
   304 | D:1      | Reached XP level 3. HP: 23/30 MP: 3/3
   807 | D:2      | Reached skill level 3 in Long Blades
   807 | D:2      | Reached XP level 4. HP: 27/37 MP: 4/4
  1372 | D:3      | Found a faded altar of an unknown god.
  1395 | D:3      | Reached XP level 5. HP: 24/42 MP: 5/5
  1469 | D:3      | Reached skill level 4 in Long Blades
  1861 | D:3      | Reached XP level 6. HP: 45/49 MP: 6/6
  2191 | D:5      | Entered Level 5 of the Dungeon
  2335 | D:5      | Reached skill level 5 in Long Blades
  2335 | D:5      | Reached XP level 7. HP: 46/55 MP: 7/7
  2351 | D:5      | Reached skill level 5 in Fighting
  2354 | D:5      | Reached skill level 5 in Shields
  2513 | D:4      | Noticed renl's ghost (novice FoFi)
  2894 | D:4      | Reached skill level 6 in Long Blades
  3256 | D:4      | Killed renl's ghost
  3256 | D:4      | Reached skill level 7 in Long Blades
  3256 | D:4      | Reached XP level 8. HP: 63/64 MP: 8/8
  4385 | D:5      | Found an opulent altar of Gozag.
  4411 | D:5      | Reached XP level 9. HP: 56/69 MP: 9/9
  4635 | D:6      | Reached skill level 8 in Long Blades
  4775 | D:6      | Reached skill level 5 in Armour
  4833 | D:6      | Found a shadowy altar of Dithmenos.
  4930 | D:6      | Found a bloodstained altar of Trog.
  5397 | D:7      | Found a glowing golden altar of the Shining One.
  5421 | D:7      | Noticed Duvessa
  5429 | D:7      | Noticed Dowan
  5445 | D:7      | Killed Duvessa
  5457 | D:7      | Killed Dowan
  5457 | D:7      | Reached skill level 9 in Long Blades
  5556 | D:7      | Noticed a hippogriff
  5579 | D:7      | Killed a hippogriff
  5781 | D:7      | Found Rax Veo's Weapon Shop.
  5903 | D:7      | Found a staircase to the Ecumenical Temple.
  5912 | Temple   | Entered the Ecumenical Temple
  6015 | Temple   | Became a worshipper of Qazlal Stormbringer
  6183 | D:8      | Noticed Pikel
  6225 | D:8      | Killed Pikel
  6225 | D:8      | Reached skill level 10 in Long Blades
  6225 | D:8      | Reached skill level 1 in Invocations
  6225 | D:8      | Reached XP level 10. HP: 56/79 MP: 9/11
  7232 | D:9      | Noticed a two-headed ogre
  7245 | D:9      | Slain by a two-headed ogre

Skill      XL: |  1  2  3  4  5  6  7  8  9 10 |
---------------+-------------------------------+-----
Long Blades    | 3 4 5 7 10 | 10.4
Shields        | 4 5 6 7 |  7.6
Fighting       | 4 5 6 7 |  7.6
Armour         | 4 5 |  5.5
Invocations    | 1 2 |  2.2

Action                   |  1- 3 |  4- 6 |  7- 9 | 10-12 || total
-------------------------+-------+-------+-------+-------++-------
Melee: Long sword        |   100 |   230 |   488 |    73 ||   891
 Abil: Dig               |     1 |     2 |     5 |     1 ||     9
  Use: Potion            |       |       |     1 |     1 ||     2
  Eat: Chunk             |       |     5 |    14 |     4 ||    23
Armor: Scale mail        |    50 |    66 |       |       ||   116
       Chain mail        |       |    40 |   256 |    22 ||   318
Dodge: Dodged            |    32 |    73 |   130 |    16 ||   251
Block: Shield            |    56 |   138 |   242 |    34 ||   470
       Rpst.: Long sword |     6 |    22 |    44 |     6 ||    78
